 Dungeon Crawl Stone Soup version 0.25-a0-697-g890751e744 (webtiles) character file.

Game seed: 10185082354047267993, levelgen mode: deterministic

1838 FollowTheCloud the Ruffian (level 8, 0/80 HPs)
             Began as a Troll Fighter on Apr 1, 2020.
             Was a Follower of Makhleb.
             Slain by a killer bee (5 damage)
             ... on level 8 of the Dungeon.
             The game lasted 00:16:34 (6277 turns).

FollowTheCloud the Ruffian (Troll Fighter)          Turns: 6277, Time: 00:16:34

Health: 0/80       AC:  6    Str: 27    XL:     8   Next: 87%
Magic:  7/7        EV: 10    Int:  6    God:    Makhleb [*.....]
Gold:   334        SH: 10    Dex:  9    Spells: 7/7 levels left

rFire    + . .     SeeInvis .     - Unarmed
rCold    + . .     Gourm    +   b - +0 kite shield
rNeg     . . .     Faith    .   a - +0 robe
rPois    +         Spirit   .   (helmet restricted)
rElec    +         Reflect  .   (no cloak)
rCorr    +         Harm     .   (gloves unavailable)
MR       .....                  (boots unavailable)
Stlth    +.........             (no amulet)
HPRegen  0.63/turn              g - +2 ring of intelligence
MPRegen  0.10/turn              (no ring)

@: mighty, resistant
A: large, unfitting armour, claws 3, fast metabolism 3, gourmand, regeneration
1, shaggy fur 1, tough skin 3
a: Renounce Religion


You were on level 8 of the Dungeon.
You worshipped Makhleb.
Makhleb was aware of your devotion.
You were full.

You visited 2 branches of the dungeon, and saw 9 of its levels.

You collected 334 gold pieces.

Inventory:

Armour
 a - a +0 robe (worn)
 b - a +0 kite shield (worn)
Jewellery
 g - a +2 ring of intelligence (left claw)
 k - an uncursed ring of see invisible {unknown}
 q - an uncursed ring of fire {unknown}
 t - an uncursed ring of positive energy {unknown}
Wands
 x - a wand of disintegration (6)
Scrolls
 e - a scroll of enchant weapon {unknown}
 f - 16 scrolls of identify {unknown}
 h - 3 scrolls of fog {unknown}
 i - a scroll of blinking {unknown}
 j - 6 scrolls of remove curse {unknown}
 l - 2 scrolls of magic mapping {unknown}
 n - 4 scrolls of immolation {unknown}
 o - a scroll of enchant armour {unknown}
 s - a scroll of random uselessness {unknown}
 y - a scroll of noise {unknown}
 z - a scroll of vulnerability {unknown}
Potions
 m - a potion of experience {unknown}
 p - a potion of flight {unknown}
 r - a potion of berserk rage {unknown}
 u - a potion of heal wounds {unknown}
 v - a potion of curing
 w - 3 potions of resistance
Comestibles
 d - 7 rations


   Skills:
 + Level 5.3 Fighting
 + Level 5.3 Dodging
 + Level 5.3 Shields
 + Level 6.0 Unarmed Combat


You had 7 spell levels left.
You didn't know any spells.
Your spell library contained the following spells:

 Spells                   Type           Power        Failure   Level  Hunger
 Sting                    Tmut/Pois      #...         71%         1    ##.....
 Poisonous Vapours        Pois/Air       #.....       85%         2    ###....
 Ignite Poison            Fire/Tmut/Pois #.......     97%         3    ####...
 Mephitic Cloud           Conj/Pois/Air  #.......     97%         3    ####...
 Olgreb's Toxic Radiance  Pois           #.......     100%        4    #####..


Dungeon Overview and Level Annotations

Branches:
Dungeon (8/15)             Temple (1/1) D:6
   Lair: D:8-11

Altars:
Ashenzari
Cheibriados
Dithmenos
Elyvilon
Fedhas
Gozag
Hepliaklqana
Kikubaaqudgha
Makhleb
Nemelex Xobeh
Okawaru
Qazlal
Ru
Sif Muna
Trog
Uskayaw
Vehumet
Wu Jian
Xom
Yredelemnul
Zin
The Shining One

Shops:
D:4 *   D:5 :


Innate Abilities, Weirdness & Mutations

You are too large for most types of armour.
You have claws for hands.
Your metabolism is lightning-fast.
You like to eat raw meat.
Your natural rate of healing is unusually fast.
You are covered in fur. (AC +1)
You have extremely tough skin. (AC +3)


Message History

You blow up the killer bee!
Makhleb accepts your kill.
You can now gain health from killing.
* * * LOW HITPOINT WARNING * * *
You feel sick. The killer bee stings you.
* * * LOW HITPOINT WARNING * * *
It was a potion of resistance.
You feel protected.
* * * LOW HITPOINT WARNING * * *
You feel sick. You block the killer bee's attack.
The killer bee closely misses you.
It was a potion of curing.
You feel better. You block the killer bee's attack. The killer bee stings you.
* * * LOW HITPOINT WARNING * * *
Aiming: Disintegrate
Press: ? - help, Shift-Dir - straight line, f - killer bee
Aim: a killer bee (chance to defeat MR: 73%)
The killer bee is blasted!
The killer bee stings you!
* * * LOW HITPOINT WARNING * * *
The killer bee stings you.
You die...

#....##.#######
#####....##........
#.........#........
####....$..#.#........
........####.†........
###.....# ##.........
#.....# #sy#####.
#s....# ##y# (......#
#@# ..#....## #.# .
...#. #.# ...##. .>.
##. .. .. #$#


You could see 2 killer bees and a giant cockroach.

Vanquished Creatures
  A hungry ghost (D:6)
  An ice beast (D:8)
  A phantom (D:4)
  2 ogres
  3 bullfrogs
  A water moccasin zombie (D:7)
  A scorpion (D:4)
  2 killer bees (D:8)
  An electric eel (D:7)
  2 bullfrog zombies
  A crimson imp (D:8)
  2 hounds
  A jelly (D:6)
  6 orc priests
  A bullfrog skeleton (D:5)
  An iguana (D:7)
  4 orc wizards
  3 worker ants
  2 hound skeletons
  2 worker ant zombies
  6 adders
  10 gnolls
  2 shadow imps
  2 oozes
  A worm (D:5)
  An adder skeleton (D:8)
  2 dart slugs
  4 leopard geckos
  17 orcs
  5 bats
  9 giant cockroaches
  8 goblins
  2 hobgoblins
  6 jackals
  4 kobolds
  5 quokkas
  A ball python (D:5)
  4 frilled lizards
  A leopard gecko skeleton (D:7)
  A quokka zombie (D:5)
  7 rats
136 creatures vanquished.

Notes
Turn   | Place    | Note
-------+----------+-------------------------------------------
     0 | D:1      | FollowTheCloud the Troll Fighter began the quest for the
                  | Orb.
     0 | D:1      | Reached XP level 1. HP: 22/22 MP: 0/0
   126 | D:1      | Reached XP level 2. HP: 29/29 MP: 1/1
  1101 | D:2      | Reached XP level 3. HP: 30/36 MP: 2/2
  1400 | D:3      | Reached XP level 4. HP: 18/44 MP: 3/3
  1406 | D:3      | Reached skill level 3 in Unarmed Combat
  1765 | D:3      | Found a shadowy altar of Dithmenos,
  2017 | D:3      | Reached XP level 5. HP: 40/53 MP: 4/4
  2197 | D:4      | Noticed a phantom
  2241 | D:4      | Killed a phantom
  2241 | D:4      | Reached XP level 6. HP: 39/61 MP: 5/5
  2294 | D:4      | Found High's General Store,
  2881 | D:4      | Reached skill level 4 in Unarmed Combat
  2967 | D:4      | Reached XP level 7. HP: 65/68 MP: 6/6
  3065 | D:5      | Entered Level 5 of the Dungeon
  3303 | D:5      | Found Nedyodom's Book Boutique,
  4004 | D:6      | Found a staircase to the Ecumenical Temple,
  4027 | Temple   | Entered the Ecumenical Temple
  4092 | Temple   | Became a worshipper of Makhleb the Destroyer
  4548 | D:6      | Noticed a hungry ghost
  4574 | D:6      | Killed a hungry ghost
  4574 | D:6      | Reached skill level 5 in Unarmed Combat
  4574 | D:6      | Reached XP level 8. HP: 78/79 MP: 7/7
  5068 | D:6      | Found a hazy altar of Hepliaklqana,
  5071 | D:6      | Found a shattered altar of Ashenzari,
  5072 | D:6      | Found a bloodstained altar of Trog,
  5073 | D:6      | Found a hide-covered altar of Uskayaw,
  5073 | D:6      | Found an iron altar of Okawaru,
  5073 | D:6      | Found a sacrificial altar of Ru,
  5073 | D:6      | Found a glowing golden altar of the Shining One,
  5073 | D:6      | Found a shimmering altar of Xom,
  5074 | D:6      | Found an ancient bone altar of Kikubaaqudgha,
  5075 | D:6      | Found a stormy altar of Qazlal,
  5076 | D:6      | Found a basalt altar of Yredelemnul,
  5077 | D:6      | Found a radiant altar of Vehumet,
  5078 | D:6      | Found a glowing silver altar of Zin,
  5996 | D:8      | Reached skill level 5 in Fighting
  5996 | D:8      | Reached skill level 5 in Dodging
  5996 | D:8      | Reached skill level 5 in Shields
  6260 | D:8      | Reached skill level 6 in Unarmed Combat
  6274 | D:8      | Reached * piety under Makhleb
  6274 | D:8      | HP: 3/80 [killer bee (2)]
  6277 | D:8      | Slain by a killer bee

Levels and vault maps discovered:
D:1:      lemuel_arrival_lava_pool, layout_basic
D:2:      layout_loops_ring, hangedman_abyss_or_decor_lesser_grid
D:3:      layout_basic, first_ration, grunt_dithmenos_smoke
D:4:      layout_basic, serial_shops, shop
D:5:      layout_loops_ring, serial_shops, shop_fountains
D:6:      layout_basic, minitemple, minmay_temple_entry_proselytizer
D:7:      layout_cave_pods, serial_bayou_ford_a, kennysheep_nub
D:8:      layout_basic
Temple:   jpeg_temple_island

Skill      XL: |  1  2  3  4  5  6  7  8 |
---------------+-------------------------+-----
Fighting       | 3 4 5 |  5.3
Dodging        | 3 4 5 |  5.3
Shields        | 3 4 5 |  5.3
Unarmed Combat | 3 4 5 6 |  6.0

Action                   |  1- 3 |  4- 6 |  7- 9 || total
-------------------------+-------+-------+-------++-------
Melee: Unarmed           |    91 |   158 |   210 ||   459
Evoke: Wand              |       |       |     2 ||     2
  Use: Potion            |       |       |     3 ||     3
  Eat: Chunk             |    18 |    15 |    28 ||    61
       Ration            |       |       |     1 ||     1
Armor: Robe              |    27 |    33 |    60 ||   120
Dodge: Dodged            |    21 |    51 |    88 ||   160
Block: Kite shield       |    33 |    59 |   107 ||   199

Table legend:
 A = Non-vault XP
 B = Vault XP
 C = Vault XP percentage of total XP
 D = Non-vault monster count
 E = Vault monster count
 F = Vault count percentage of total count
                 A         B        C        D         E       F
            +---------+---------+-------+---------+---------+-------
      Total |    2586 |      41 |   1.6 |     135 |       1 |   0.7
            +---------+---------+-------+---------+---------+-------
        D:1 |      26 |       0 |   0.0 |      15 |       0 |   0.0
        D:2 |      38 |       0 |   0.0 |      14 |       0 |   0.0
        D:3 |     157 |       0 |   0.0 |      18 |       0 |   0.0
        D:4 |     544 |       0 |   0.0 |      31 |       0 |   0.0
        D:5 |     326 |       0 |   0.0 |      21 |       0 |   0.0
        D:6 |     504 |      41 |   7.5 |      17 |       1 |   5.6
        D:7 |     320 |       0 |   0.0 |       7 |       0 |   0.0
        D:8 |     671 |       0 |   0.0 |      12 |       0 |   0.0
            +---------+---------+-------+---------+---------+-------
